 Dungeon Crawl Stone Soup version 0.28.0-53-g5a82cb258f (webtiles) character file.

Game seed: 17937451970093267793

4296 bobregger the Fighter (level 10, -1/119 HPs)
             Began as an Ogre Berserker on May 27, 2022.
             Was an Elder of Trog.
             Shot with an arrow by a centaur (13 damage)
             ... on level 9 of the Dungeon.
             The game lasted 00:11:50 (7602 turns).

bobregger the Fighter (Ogre Berserker)              Turns: 7602, Time: 00:11:50

Health: -1/119     AC:  7    Str: 29    XL:     10   Next: 32%
Magic:  10/10      EV: 12    Int:  8    God:    Trog [****..]
Gold:   395        SH:  0    Dex: 12    Spells: 9/9 levels left

rFire   + + .      SeeInvis .   p - +5 flail (drain)
rCold   + . .      Faith    .   (no shield)
rNeg    . . .      Spirit   .   g - +2 robe {rC+ rF+}
rPois   +          Reflect  .   (helmet restricted)
rElec   .          Harm     .   a - +1 cloak
rCorr   .          Rampage  .   (gloves unavailable)
Will    ++...                   (boots unavailable)
Stlth   +.........              h - amulet of regeneration
HPRegen 1.09/turn               k - +6 ring of strength
MPRegen 0.12/turn               s - ring of protection from fire

@: lethally poisoned (-1 -> -1), on berserk cooldown, slowed, very slow
A: large, unfitting armour, tough skin 1, hooves 1, strong-willed 1, poison
resistance, subdued magic 1
a: Renounce Religion, Berserk, Trog's Hand, Brothers in Arms


You were on level 9 of the Dungeon.
You worshipped Trog.
Trog was greatly pleased with you.
You visited 1 branch of the dungeon, and saw 9 of its levels.

You collected 492 gold pieces.
You spent 97 gold pieces at shops.

Inventory:

Hand Weapons
 p - a +5 flail of draining (weapon)
 x - a +0 giant spiked club
Missiles
 r - 4 throwing nets (quivered)
Armour
 a - a +1 cloak (worn)
 g - a +2 robe of resistance (worn)
Jewellery
 h - an amulet of regeneration (around neck)
 k - a +6 ring of strength (left hand)
 n - a ring of flight
 q - a +6 ring of intelligence
 s - a ring of protection from fire (right hand)
Wands
 i - a wand of flame (27)
 j - a wand of iceblast (12)
 o - a wand of paralysis (11)
 u - a wand of polymorph (11)
 v - a wand of charming (12)
Scrolls
 b - a scroll of fear {unknown}
 e - a scroll of vulnerability
 f - 4 scrolls of magic mapping
Potions
 c - a potion of haste
 m - a potion of magic
 w - a potion of flight


   Skills:
 * Level 13.4 Fighting
 + Level 8.1 Maces & Flails
 + Level 7.0 Dodging


You had 9 spell levels left.
You didn't know any spells.
Your spell library was empty.

Dungeon Overview and Level Annotations

Branches:
Dungeon (8/15)             Temple (0/1) D:7            Lair (0/6) D:9

Altars:
Cheibriados
Dithmenos
Ru
Sif Muna
Trog
Vehumet

Shops:
D:2 =[:   D:3 ?


Innate Abilities, Weirdness & Mutations

You are too large for most types of armour.
You have tough skin. (AC +1)
You have large cloven feet.
You are strong-willed. (Will+)
Your system is resistant to poisons. (rPois)
Your spells are a little easier to cast, but a little less powerful.


Message History

The gnoll sergeant blocks your attack.
The gnoll sergeant is almost dead.
The centaur shouts!
The centaur wields a +0 shortbow.
The centaur shoots an arrow.
The arrow hits you.
The gnoll sergeant hits you but does no damage.
The centaur shoots an arrow.
The arrow hits you.
The gnoll sergeant hits you with a +0 trident.
The centaur shoots an arrow.
The arrow hits you but does no damage. The gnoll sergeant blocks your attack.
The gnoll sergeant is almost dead.
The water moccasin bites you. The water moccasin misses you.
The gnoll sergeant misses you.
The centaur shoots an arrow.
The arrow completely misses you.
You barely miss the gnoll sergeant. Your kick misses the gnoll sergeant.
The gnoll sergeant is almost dead.
The water moccasin bites you but does no damage.
The gnoll sergeant barely misses you. The water moccasin bites you.
You are poisoned.
The water moccasin poisons you!
The centaur shoots an arrow.
The arrow hits you.
The gnoll sergeant hits you with a +0 trident!
* * * LOW HITPOINT WARNING * * *
The water moccasin bites you.
* * * LOW HITPOINT WARNING * * *
You feel very sick.
The centaur shoots an arrow.
The arrow closely misses you. The gnoll sergeant closely misses you.
The water moccasin bites you but does no damage.
You see here 4 boomerangs.
You feel sick. The gnoll sergeant closely misses you.
The centaur shoots an arrow.
The arrow completely misses you. The water moccasin bites you.
* * * LOW HITPOINT WARNING * * *
The gnoll sergeant hits you from afar with a +0 trident!
* * * LOW HITPOINT WARNING * * *
You feel sick.
The water moccasin bites you but does no damage.
The centaur shoots an arrow.
The arrow hits you!
You die...

****..........#..#......####
,,,,.....................#*
,,,,#.....................#
,,,,,###.................##
,,,,,#......)..!.....#.##.#
,,,,*#...............##...######
,,,*.........)(.....#.#........##
,,**#.........gS.....###.##.(#...
*,,*#...........@.........)).....
*,**#.#.....c..#...####.(÷####...
,** ##.....≈...##.##....÷....##..
,* **##...≈s≈.....##.........##..
****,*.#.≈≈≈≈≈..#.##.........##..
###,*.#.#.≈≈≈..##.##.........##..
K.#....##..≈....,.#####...#####..
..........#.....*.#*,,'...',,*#..
K......#**,,,,,,*,**,.'...',,*#..


You could see a water moccasin, a gnoll sergeant, a centaur and a scorpion.

Vanquished Creatures
  Pikel (D:5)
  A komodo dragon (D:8)
  Eustachio (D:5)
  Edmund (D:4)
  A water moccasin (D:6)
  Duvessa (D:6)
  2 orc warriors
  An ice beast (D:5)
  2 black bears
  A sky beast (D:8)
  A necrophage (D:6)
  3 ogres (D:6)
  2 centaurs
  A phantom (D:5)
  A lemure (D:5)
  A kobold brigand (D:7)
  Blork the orc (D:6)
  2 bullfrogs
  2 scorpions
  2 wyvern zombies
  A gnoll sergeant (D:9)
  Dowan (D:6)
  3 howler monkeys (D:8)
  A centaur zombie (D:6)
  3 bullfrog zombies
  2 orc priests (D:5)
  6 hounds
  A bullfrog skeleton (D:6)
  2 jellies
  Crazy Yiuf (D:2)
  A centaur skeleton (D:7)
  Jessica (D:1)
  2 gnoll shamans
  3 iguanas
  Natasha (thrice) (D:4)
  4 orc wizards (D:5)
  A hound skeleton (D:4)
  A mummy (D:7)
  13 gnolls
  8 adders
  An ufetubus (D:5)
  A worm (D:2)
  A dart slug (D:1)
  17 orcs
  5 ball pythons
  3 endoplasms
  9 goblins
  6 hobgoblins
  A jackal (D:9)
  10 kobolds
  2 quokkas (D:1)
  7 bats
  5 frilled lizards
  4 hobgoblin zombies (D:7)
  4 rats
162 creatures vanquished.

Vanquished Creatures (collateral kills)
  A basilisk (D:9)
  A hound (D:9)
  A gnoll (D:9)
3 creatures vanquished.

Vanquished Creatures (others)
  6 fungi (D:9)
  18 plants
24 creatures vanquished.

Grand Total: 189 creatures vanquished

Notes
Turn   | Place    | Note
-------+----------+-------------------------------------------
     0 | D:1      | bobregger the Ogre Berserker began the quest for the Orb.
     0 | D:1      | Reached XP level 1. HP: 24/24 MP: 1/1
   221 | D:1      | Reached XP level 2. HP: 32/32 MP: 2/2
   922 | D:2      | Noticed Jessica
   922 | D:2      | Found Piocep's Armour Shop.
   937 | D:1      | Reached XP level 3. HP: 33/39 MP: 3/3
   989 | D:1      | Killed Jessica
  1078 | D:2      | Found Miotuiq's Jewellery Shoppe.
  1304 | D:2      | Reached XP level 4. HP: 48/48 MP: 4/4
  1312 | D:2      | Found a faded altar of an unknown god.
  1416 | D:2      | Reached ** piety under Trog
  1610 | D:2      | Found a runed translucent door.
  1611 | D:2      | Noticed Crazy Yiuf
  1661 | D:2      | Found Nammugac's Book Boutique.
  1831 | D:2      | Killed Crazy Yiuf
  2204 | D:3      | Found Peis's Magic Scroll Shoppe.
  2216 | D:3      | Bought a scroll of enchant armour for 97 gold pieces
  2240 | D:3      | Reached XP level 5. HP: 43/54 MP: 5/5
  2488 | D:3      | Found a radiant altar of Vehumet.
  2636 | D:3      | Found a shimmering blue altar of Sif Muna.
  2691 | D:4      | Reached skill level 5 in Maces & Flails
  2776 | D:4      | Noticed Natasha
  2781 | D:4      | Killed Natasha
  2794 | D:4      | Reached skill level 5 in Fighting
  2832 | D:4      | Reached XP level 6. HP: 48/66 MP: 6/6
  2992 | D:4      | Noticed a black bear
  3003 | D:4      | Killed a black bear
  3232 | D:4      | Noticed Natasha
  3237 | D:4      | Killed Natasha
  3238 | D:4      | Reached skill level 6 in Fighting
  3244 | D:4      | Noticed Edmund
  3255 | D:4      | Killed Edmund
  3256 | D:4      | Reached XP level 7. HP: 76/76 MP: 7/7
  3413 | D:4      | Found a sacrificial altar of Ru.
  3413 | D:4      | Found a faded altar of an unknown god.
  3420 | D:4      | Found a snail-covered altar of Cheibriados.
  3422 | D:4      | Found a bloodstained altar of Trog.
  3424 | D:4      | Found a faded altar of an unknown god.
  3451 | D:4      | Noticed Natasha
  3457 | D:4      | Killed Natasha
  3896 | D:5      | Entered Level 5 of the Dungeon
  3905 | D:5      | Reached skill level 7 in Fighting
  4225 | D:5      | Reached *** piety under Trog
  4279 | D:5      | Noticed Pikel
  4303 | D:5      | Reached skill level 8 in Fighting
  4303 | D:5      | Reached XP level 8. HP: 82/88 MP: 8/8
  4327 | D:5      | Killed Pikel
  4328 | D:5      | Reached skill level 9 in Fighting
  4384 | D:5      | Reached skill level 5 in Dodging
  4455 | D:5      | Reached skill level 10 in Fighting
  4473 | D:5      | Noticed Eustachio
  4483 | D:5      | Killed Eustachio
  4484 | D:5      | Reached XP level 9. HP: 89/102 MP: 9/9
  5198 | D:6      | Noticed Blork the orc
  5231 | D:6      | Reached skill level 11 in Fighting
  5699 | D:6      | Noticed Duvessa
  5702 | D:6      | Noticed Dowan
  5712 | D:6      | Killed Dowan
  5714 | D:6      | Killed Duvessa
  5844 | D:6      | Killed Blork the orc
  5917 | D:7      | Reached skill level 12 in Fighting
  6147 | D:7      | Found a staircase to the Ecumenical Temple.
  6372 | D:7      | Reached **** piety under Trog
  6855 | D:6      | Gained mutation: Your flesh is cold resistant. (rC+)
                  | [potion of mutation]
  6856 | D:6      | Lost mutation: Your flesh is cold resistant. (rC+) [potion
                  | of mutation]
  6856 | D:6      | Gained mutation: You have large cloven feet. [potion of
                  | mutation]
  6856 | D:6      | Gained mutation: Your system is resistant to poisons.
                  | (rPois) [potion of mutation]
  6856 | D:6      | Gained mutation: Your spells are a little easier to cast,
                  | but a little less powerful. [potion of mutation]
  6856 | D:6      | Gained mutation: You are strong-willed. (Will+) [potion of
                  | mutation]
  7018 | D:8      | Found a shadowy altar of Dithmenos.
  7120 | D:8      | Noticed a komodo dragon
  7127 | D:8      | Reached XP level 10. HP: 117/117 MP: 10/10
  7193 | D:8      | Reached skill level 13 in Fighting
  7276 | D:8      | You fall into a shaft and drop 1 floor!
  7602 | D:9      | Shot with an arrow by a centaur

Illustrated notes

Levels and vault maps discovered:
D:1:      onia_arrival_pyramid, layout_basic
D:2:      layout_rooms, serial_shops, nicolae_shop_stone,
          nicolae_shop_hallway_stairs, shop_coins, basic_ecumenical_altar,
          chequers_decorated_corner, nicolae_figureground_sparkle, uniq_jessica,
          uniq_crazy_yiuf_cottage
D:3:      layout_rooms, grunt_temple_overflow_open, serial_shops, shop
D:4:      wad_lake_hut, layout_basic, chequers_temple_overflow_minitemple,
          uniq_edmund, uniq_natasha
D:5:      layout_loops_corners, minmay_misc_feat_tower,
          guppyfry_early_lair_pool, uniq_eustachio, uniq_pikel
D:6:      layout_loops_cross, uniq_duvessa, uniq_blork_the_orc
D:7:      layout_gridville, minmay_temple_entry_antechambers,
          minmay_mini_ossuary
D:8:      layout_basic, nicolae_overflow_crystal_walls, uniq_maurice,
          uniq_harold
D:9:      layout_big_octagon, nemelex_diamond_rough_becter,
          minmay_lair_entry_grove, serial_gnoll_camp, gnoll_camp_mini_house,
          gnoll_camp_mini_sergeant, gnoll_camp_medium_02, gnoll_camp_mini_house,
          uniq_psyche

Skill      XL: |  1  2  3  4  5  6  7  8  9 10 |
---------------+-------------------------------+-----
Maces & Flails | 3 4 5 6 7 8 |  8.1
Dodging        | 3 4 5 6 7 |  7.0
Fighting       | 5 6 8 10 12 13 | 13.4

Action                   |  1- 3 |  4- 6 |  7- 9 | 10-12 || total
-------------------------+-------+-------+-------+-------++-------
Melee: Mace              |    87 |     9 |       |       ||    96
       Punch             |     1 |     2 |     2 |     2 ||     7
       Flail             |       |    88 |   260 |    76 ||   424
       Unarmed           |       |       |     6 |       ||     6
       Kick              |       |       |     4 |    23 ||    27
Invok: Berserk           |     2 |     3 |     4 |     2 ||    11
       Trog's Hand       |       |       |     1 |       ||     1
Evoke: Wand              |       |       |       |     1 ||     1
  Use: Scroll            |       |     1 |    13 |     3 ||    17
       Potion            |       |       |     5 |     4 ||     9
Armor: Animal skin       |    38 |       |       |       ||    38
       Robe              |    10 |    60 |   109 |    49 ||   228
Dodge: Dodged            |    64 |    77 |   203 |   120 ||   464
